 Dungeon Crawl Stone Soup version 0.20.0-15-g7f486f2 (webtiles) character file.

18096 systemy the Cleaver (level 12, 0/110 HPs)
             Began as a Minotaur Berserker on June 26, 2017.
             Was the Champion of Trog.
             Shot with an arrow by Nessos (8 damage)
             ... on level 13 of the Dungeon.
             The game lasted 00:28:42 (11474 turns).

systemy the Cleaver (Minotaur Berserker)           Turns: 11474, Time: 00:28:43

Health: 0/110      AC: 14    Str: 27    XL:     12   Next: 24%
Magic:  12/12      EV: 14    Int:  4    God:    Trog [******]
Gold:   600        SH:  7    Dex: 10    Spells: 11/11 levels left

rFire    + . .     SeeInvis .   k - +0 hand axe (elec)
rCold    . . .     Gourm    .   A - +1 buckler
rNeg     + . .     Faith    +   u - +0 ring mail
rPois    .         Spirit   .   (helmet restricted)
rElec    .         Reflect  .   (no cloak)
rCorr    .         Harm     .   (no gloves)
MR       .....                  K - +2 pair of boots
Stlth    ..........             f - amulet of Nisufreh {Faith rF+ rN+}
Regen    0.3/turn               (no ring)
MPRegen  0.2/turn               G - +4 ring of protection

@: lethally poisoned (0 -> -58), about to teleport
A: retaliatory headbutt, horns 2, repulsion field 1, blurry vision 1, high mp 1,
sturdy frame 1
a: Berserk, Trog's Hand, Brothers in Arms, Burn Spellbooks, Renounce Religion


You were on level 13 of the Dungeon.
You worshipped Trog.
Trog was exalted by your worship.
You were not hungry.

You visited 1 branch of the dungeon, and saw 13 of its levels.
You also visited: Labyrinth.

You collected 600 gold pieces.

Inventory:

Hand Weapons
 k - a +0 hand axe of electrocution (weapon)
Armour
 n - a +0 pair of gloves
 u - a +0 ring mail (worn)
 A - a +1 buckler (worn)
 K - a +2 pair of boots (worn)
 R - a +0 cloak
Jewellery
 f - the amulet of Nisufreh (around neck) {Faith rF+ rN+}
   (You found it on level 6 of the Dungeon)

   [amulet of faith]

   It allows you to gain divine favour quickly.
   It protects you from fire.
   It protects you from negative energy.
 l - a +1 ring of evasion {unknown}
 s - a -3 ring of dexterity
 y - an uncursed ring of ice
 E - an uncursed ring of poison resistance {unknown}
 G - a +4 ring of protection (right hand)
 I - the ring "Qiodidig" {rElec rF++ Stlth+, unknown}
   (You found it on level 11 of the Dungeon)

   [ring of stealth]

   It greatly protects you from fire.
   It insulates you from electricity.
   It makes you more stealthy.
 V - an uncursed ring of see invisible {unknown}
 W - a cursed ring of teleportation {unknown}
Wands
 j - a wand of iceblast (5/15)
 M - a wand of iceblast (6/15)
 N - a wand of flame (23/48)
 O - a wand of lightning (4/15)
 Q - a wand of acid (9/15)
 S - a wand of iceblast (8/15)
 T - a wand of flame (8/48)
Scrolls
 b - 2 scrolls of blinking
 g - 2 scrolls of enchant armour
 i - 4 scrolls of teleportation
 q - a scroll of vulnerability {unknown}
 r - 3 scrolls of remove curse
 t - 9 scrolls of identify
 v - a scroll of enchant weapon {unknown}
 C - 2 scrolls of immolation
 F - a scroll of random uselessness {unknown}
 H - 2 scrolls of fear
 J - a scroll of magic mapping
 X - a scroll of fog
Potions
 a - a potion of ambrosia
 d - 2 potions of heal wounds
 e - a potion of flight
 h - 3 potions of resistance
 m - 3 potions of might
 o - 2 potions of agility
 z - a potion of curing
 B - 5 potions of lignification
 D - 2 potions of magic {unknown}
 P - a potion of cancellation
 U - a potion of haste
Books
 L - a book of Dreams

   Spells                             Type                      Level
   a - Ensorcelled Hibernation        Hexes/Ice                    2
   b - Silence                        Hexes/Air                    5
   c - Darkness                       Hexes                        6
   d - Shadow Creatures               Summoning                    6
   Trog disapproves of the use of such an item.
Comestibles
 c - 7 bread rations
 p - 7 royal jellies
 w - 20 fruits
 x - 6 meat rations
 Y - 3 chunks of flesh


   Skills:
 + Level 11.5 Fighting
 + Level 14.6 Axes
 + Level 9.5 Armour
 - Level 2.1 Dodging
 * Level 12.3 Shields


You had 11 spell levels left.
You didn't know any spells.

Dungeon Overview and Level Annotations

Branches:
Dungeon (13/15)            Temple (0/1) D:5            Lair (0/6) D:9
    Orc (0/2) D:9
 Vaults: D:13-14

Altars:
Ashenzari
Dithmenos
Elyvilon
Gozag
Makhleb
Nemelex Xobeh
Qazlal
Ru
Sif Muna
Trog
Yredelemnul
Zin

Shops:
D:5 *   D:9 [

Annotations:
D:13 Nessos


Innate Abilities, Weirdness & Mutations

You reflexively headbutt those who attack you in melee.
You have a pair of horns on your head.
You are surrounded by a mild repulsion field. (EV +2)
Scrolls take you a little longer to read.
You have an increased reservoir of magic. (+10% MP)
Your movements are slightly less encumbered by armour. (ER -2)


Message History

Really read with blurry vision while enemies are nearby?
You feel sick.
Nessos shoots an arrow.
The arrow hits you! The arrow burns you.
You are lethally poisoned!
You begin reading the scroll.
You continue reading the scroll.
* * * LOW HITPOINT WARNING * * *
You feel very sick.
Nessos shoots an arrow.
The arrow hits you!
* * * LOW HITPOINT WARNING * * *
You are more poisoned.
As you read the scroll of teleportation, it crumbles to dust.
You feel strangely unstable.
* * * LOW HITPOINT WARNING * * *
You feel very sick.
Nessos shoots an arrow.
The arrow misses you.
Nessos shoots an arrow.
You block the arrow.
You see here an arrow.
* * * LOW HITPOINT WARNING * * *
You feel very sick.
Nessos shoots an arrow.
The arrow hits you!
You die...

#### #...##.).
##...####+##+#########...
+...(...........#....#...
#..........>....#....#...
#..c............+....#...
#...............#....#...
###....####....##.^..+...
####....######'###...####.
.......((@#.....##...####.
.).....(..#...............
...?..>...#...............
.###.....###....##........
####### #....##.....#..
......########.. #.......
#.# +....... ### #......


You could see Nessos.

Vanquished Creatures
  Snorg (D:12)
  A minotaur (Lab)
  3 two-headed ogres
  Nergalle (D:11)
  An unseen horror (D:10)
  An ugly thing (D:11)
  Maurice (D:11)
  A centaur zombie (D:12)
  A kobold demonologist (D:11)
  A komodo dragon (D:11)
  A troll (D:10)
  Grinder (D:5)
  4 hippogriffs
  4 slime creatures (D:12)
  Sigmund (D:5)
  3 wyverns (D:9)
  A shadow (D:11)
  A spriggan (D:8)
  Eustachio (D:5)
  5 yaks (D:11)
  A wraith (D:10)
  4 hungry ghosts (Lab)
  A basilisk (D:11)
  2 steam dragons (D:10)
  Grum (D:10)
  2 soldier ants
  An acid dragon (D:9)
  2 sky beasts (D:6)
  2 water moccasins
  2 black bears
  7 orc warriors
  A swamp drake (D:9)
  An ice beast (D:7)
  3 necrophages
  6 ogres
  9 centaurs
  2 wolves (D:10)
  A crocodile (D:9)
  3 big kobolds
  Blork the orc (D:5)
  3 bullfrogs
  A wyvern zombie (D:12)
  6 scorpions
  A wyvern skeleton (D:11)
  14 killer bees
  A water moccasin skeleton (D:7)
  4 wights (D:11)
  3 howler monkeys
  4 crimson imps
  10 orc priests
  A quasit (D:12)
  5 hounds
  2 jellies
  A bullfrog skeleton (D:4)
  19 orc wizards
  3 centaur skeletons
  9 iguanas
  8 worker ants
  A killer bee zombie (D:6)
  3 hound skeletons
  4 worker ant zombies
  13 adders
  A shadow imp (D:12)
  An ooze (D:4)
  3 adder skeletons
  An adder zombie (D:6)
  6 worms
  4 dart slugs (D:1)
  4 leopard geckos
  45 orcs
  10 bats
  3 giant cockroaches
  10 goblins
  9 hobgoblins
  9 jackals
  7 quokkas
  2 ball pythons
  2 frilled lizards (D:1)
  21 kobolds
  9 rats
  3 fungi (D:10)
352 creatures vanquished.

Vanquished Creatures (others)
  An ice beast (D:9)
1 creature vanquished.

Grand Total: 353 creatures vanquished

Notes
Turn   | Place    | Note
-------+----------+-------------------------------------------
     0 | D:1      | systemy the Minotaur Berserker began the quest for the Orb.
     0 | D:1      | Reached XP level 1. HP: 19/19 MP: 0/0
    50 | D:1      | Reached XP level 2. HP: 18/27 MP: 1/1
   165 | D:1      | Reached skill level 4 in Axes
   404 | D:1      | Reached ** piety under Trog
   404 | D:1      | Reached XP level 3. HP: 17/33 MP: 2/2
   913 | D:2      | Reached skill level 5 in Axes
  1119 | D:2      | Reached XP level 4. HP: 41/41 MP: 3/3
  1554 | D:3      | Reached *** piety under Trog
  1720 | D:3      | Reached skill level 1 in Shields
  1720 | D:3      | Reached XP level 5. HP: 20/47 MP: 4/4
  2065 | D:3      | Reached skill level 5 in Fighting
  2253 | D:3      | Reached skill level 6 in Axes
  2355 | D:3      | Reached XP level 6. HP: 47/56 MP: 5/5
  2450 | D:3      | Found a sacrificial altar of Ru.
  2584 | D:4      | Found a glowing silver altar of Zin.
  2586 | D:4      | Found a bloodstained altar of Trog.
  2778 | D:4      | Reached XP level 7. HP: 61/61 MP: 6/6
  2781 | D:4      | Reached skill level 7 in Axes
  3093 | D:5      | Entered Level 5 of the Dungeon
  3093 | D:5      | Noticed Eustachio
  3108 | D:5      | Reached **** piety under Trog
  3119 | D:5      | Killed Eustachio
  3119 | D:5      | Reached skill level 5 in Armour
  3151 | D:5      | Noticed Blork the orc
  3160 | D:5      | Killed Blork the orc
  3182 | D:5      | Noticed Grinder
  3192 | D:5      | Killed Grinder
  3192 | D:5      | Reached skill level 8 in Axes
  3192 | D:5      | Reached XP level 8. HP: 18/70 MP: 7/7
  3433 | D:5      | Noticed Sigmund
  3440 | D:5      | Killed Sigmund
  3440 | D:5      | Reached skill level 5 in Shields
  3528 | D:5      | Found Gozag's Platinum Reserve.
  3528 | D:5      | Found an opulent altar of Gozag.
  3583 | D:5      | Found a staircase to the Ecumenical Temple.
  3593 | D:5      | Reached skill level 9 in Axes
  4015 | D:6      | Gained mutation: Your movements are slightly less encumbered by armour. (ER -2) [potion of mutation]
  4015 | D:6      | Gained mutation: Scrolls take you a little longer to read. [potion of mutation]
  4015 | D:6      | Gained mutation: You are surrounded by a mild repulsion field. (EV +2) [potion of mutation]
  4015 | D:6      | Gained mutation: You have an increased reservoir of magic. (+10% MP) [potion of mutation]
  4077 | D:6      | Got a slimy bone amulet
  4118 | D:6      | Reached ***** piety under Trog
  4121 | D:6      | Reached XP level 9. HP: 79/79 MP: 8/8
  4509 | D:6      | Reached skill level 10 in Axes
  4703 | D:6      | Found a basalt altar of Yredelemnul.
  5191 | D:7      | Found a shadowy altar of Dithmenos.
  5191 | D:7      | Found a stormy altar of Qazlal.
  5200 | D:7      | Found a sparkling altar of Nemelex Xobeh.
  5202 | D:7      | Found a white marble altar of Elyvilon.
  5205 | D:7      | Found a shattered altar of Ashenzari.
  5306 | D:7      | Found a burning altar of Makhleb.
  5596 | D:7      | Reached skill level 11 in Axes
  5791 | D:7      | Identified the amulet of Nisufreh {Faith rF+ rN+} (You found it on level 6 of the Dungeon)
  6316 | D:9      | Reached XP level 10. HP: 79/88 MP: 10/10
  6318 | D:9      | Noticed a two-headed ogre
  6327 | D:9      | Killed a two-headed ogre
  6327 | D:9      | Received a gift from Trog
  6724 | D:9      | Reached skill level 12 in Axes
  6788 | D:9      | Found a staircase to the Lair.
  6909 | D:9      | Found Jakk's Antique Armour Boutique.
  7049 | D:9      | Found a staircase to the Orcish Mines.
  7251 | D:9      | Found a deep blue altar of Sif Muna.
  7432 | D:10     | Entered Level 10 of the Dungeon
  7478 | D:10     | Reached skill level 10 in Shields
  7655 | D:10     | Noticed Grum
  7667 | D:10     | Killed Grum
  7893 | D:10     | Reached skill level 13 in Axes
  7897 | D:10     | Reached XP level 11. HP: 76/97 MP: 11/11
  8097 | D:10     | Killed an unseen horror
  8329 | D:11     | Got a glittering lead ring
  8342 | D:11     | Found a labyrinth entrance.
  8359 | Lab      | Entered a labyrinth
  8678 | Lab      | Reached ****** piety under Trog
  8678 | Lab      | Received a gift from Trog
  8762 | Lab      | Noticed a minotaur
  8770 | Lab      | Killed a minotaur
  8770 | Lab      | Reached skill level 10 in Fighting
  8950 | D:11     | Noticed a red ugly thing
  8964 | D:11     | Killed a red ugly thing
  9404 | D:11     | Noticed Nergalle
  9428 | D:11     | Killed Nergalle
  9431 | D:11     | Reached skill level 14 in Axes
  9767 | D:11     | Noticed a two-headed ogre
  9775 | D:11     | Killed a two-headed ogre
  9852 | D:11     | Noticed Maurice
  9862 | D:11     | Killed Maurice
  9862 | D:11     | Received a gift from Trog
  9996 | D:11     | HP: 5/102 [something (2)]
 10557 | D:12     | Reached XP level 12. HP: 92/110 MP: 12/12
 10684 | D:12     | Noticed Snorg
 10685 | D:12     | Noticed a two-headed ogre
 10692 | D:12     | Killed a two-headed ogre
 10696 | D:12     | Killed Snorg
 11463 | D:13     | Noticed Nessos
 11474 | D:13     | Shot with an arrow by Nessos

Skill      XL: |  1  2  3  4  5  6  7  8  9 10 11 12 |
---------------+-------------------------------------+-----
Fighting       | 4 5 6 7 8 9 11 | 11.5
Axes           | 4 5 6 8 9 11 13 14 | 14.6
Armour         | 3 4 5 6 7 8 9 |  9.5
Shields        | 1 2 4 5 8 10 11 12 | 12.3
Dodging        | |  2.1

Action                   |  1- 3 |  4- 6 |  7- 9 | 10-12 || total
-------------------------+-------+-------+-------+-------++-------
Melee: Hand axe          |    72 |   115 |   299 |   484 ||   970
       Headbutt          |    11 |    22 |    45 |    99 ||   177
Invok: Burn Spellbooks   |       |     1 |     1 |       ||     2
       Berserk           |       |     1 |     4 |     4 ||     9
  Use: Potion            |       |       |    12 |     1 ||    13
       Scroll            |       |       |     9 |     2 ||    11
  Eat: Chunk             |       |     7 |    15 |    18 ||    40
       Meat ration       |       |       |       |     1 ||     1
Armor: Animal skin       |    10 |       |       |       ||    10
       Leather armour    |     4 |       |       |       ||     4
       Ring mail         |     2 |    25 |    78 |   137 ||   242
Dodge: Dodged            |    51 |    49 |   116 |   222 ||   438
Block: Buckler           |       |     5 |    65 |   135 ||   205
